AoeStats
← Hyper-Drive

Oasis

509118369Analyzed
4v4 RM · 6d ago on Sep 25, 2026· 37m 6s· 8 players
Game mode
Random Map
Map size
Large (8 player)
Population
200
Speed
Normal
Resources
Standard
Victory
Conquest
Starting age
Dark Age
Ending age
Imperial Age
RankedLock teamsTeams togetherTeam positionsShared explorationLock speedFull tech treeHidden civsTurbo modeCheats
Victory
Defeat
🇵🇪 Armenians · Peru
1077
+14
🇵🇪 Spanish · Peru
1066
+15
🇨🇿 Dravidians · Czechia
1062
+15
🇹🇼 Khmer · Taiwan
1048
+15
🇹🇼 Persians · Taiwan
1048
-15
🇹🇼 Danes · Taiwan
1043
-15
🇹🇼 Jurchens · Taiwan
1041
-15
🇹🇼 Romans · Taiwan
1026
-14
LORD PETER
2:04 Loom
12:37 Feudal Age
18:42 Castle Age
18:09 Stone Mining
18:05 Horse Collar
18:14 Double-Bit Axe
29:25 Heavy Plow
30:43 Bow Saw
30:40 Town Watch
34:03 Gold Mining
34:31 Scale Barding Armor
36:01 Bloodlines
39:51 Imperial Age
jochizan
7:49 Loom
10:16 Feudal Age
10:57 Double-Bit Axe
16:10 Man-at-Arms
23:11 Wheelbarrow
25:17 Castle Age
23:58 Wheelbarrow
24:28 Scale Mail Armor
24:38 Forging
24:19 Long Swordsman
24:53 Fletching
26:45 Bow Saw
29:03 Iron Casting
29:23 Squires
30:38 Chain Mail Armor
30:16 Gambesons
30:30 Two-Handed Swordsman
33:39 Padded Archer Armor
33:45 Town Watch
Hyper-Drive
4:01 Loom
21:58 Feudal Age
23:27 Double-Bit Axe
23:24 Horse Collar
25:50 Gold Mining
30:02 Fletching
34:11 Castle Age
jerry80tim
7:31 Loom
10:17 Feudal Age
13:38 Castle Age
13:34 Double-Bit Axe
19:36 Wheelbarrow
19:13 Bow Saw
21:09 Horse Collar
22:46 Gold Mining
24:21 Stone Mining
27:39 Imperial Age
26:45 Stone Shaft Mining
26:15 Heavy Plow
28:15 Hand Cart
28:40 Gold Shaft Mining
29:48 Crop Rotation
32:49 Siege Engineers
33:45 Chemistry
33:26 Bloodlines
33:16 Husbandry
33:54 Scale Barding Armor
34:00 Forging
34:37 Conscription
34:24 Elite Ballista Elephant
35:52 Chain Barding Armor
36:25 Double Crossbow
36:20 Light Cavalry
37:03 Elite Battle Elephant
danny83627danny83627
0:33 Loom
12:58 Feudal Age
17:38 Castle Age
16:06 Double-Bit Axe
16:46 Horse Collar
19:03 Bow Saw
21:57 Heavy Plow
31:26 Imperial Age
32:12 Elite Varangian Guard
33:37 Squires
36:22 Wheelbarrow
35:44 Gambesons
36:13 Onager
John9487
0:28 Loom
12:06 Feudal Age
17:16 Castle Age
18:43 Horse Collar
18:51 Double-Bit Axe
24:38 Wheelbarrow
24:48 Gold Mining
29:56 Bow Saw
32:13 Fortified Bastions
35:01 Imperial Age
32:44 Siege Engineers
32:36 Murder Holes
32:52 Fortified Wall
34:00 Pikeman
34:44 Squires
35:02 Squires
35:09 Scale Mail Armor
35:19 Forging
37:37 Iron Casting
36:43 Elite Fire Lancer
mzk_TsushimaRiko
6:54 Loom
Artimus
10:03 Feudal Age
9:30 Loom
16:31 Castle Age
15:30 Horse Collar
17:04 Double-Bit Axe
18:54 Bow Saw
23:32 Pikeman
31:38 Light Cavalry
Connection lost

Rejoining the realm…

Still unreachable

The connection could not be restored.

Session expired

The server has moved on; the page needs a fresh start.